 Dungeon Crawl Stone Soup version 0.31.0-7-gf635a9b802 (webtiles) character file.

Game seed: 12475675425397583379

105794 Jase the Hill Orc Cataclysm (level 16, -3/147 HPs)
             Began as a Hill Orc Fighter on Jan 24, 2024.
             Was a High Priest of Qazlal.
             Slain by Saint Roka
             ... wielding a +3 war axe of electrocution
              (14 damage)
             ... on level 2 of the Snake Pit.
             The game lasted 01:59:40 (22402 turns).

Jase the Hill Orc Cataclysm (Hill Orc Fighter)     Turns: 22402, Time: 01:59:41

Health: -3/147     AC: 29    Str: 25    XL:     16   Next: 42%
Magic:  27/30      EV:  8    Int:  8    God:    Qazlal [*****.]
Gold:   1456       SH:  6    Dex: 12    Spells: 15/15 levels left

rFire   + . .        a - +2 battleaxe (flame)
rCold   + . .        (shield currently unavailable)
rNeg    . . .        Q - +2 plate armour {rF+}
rPois   +            v - +0 helmet
rElec   .            d - +2 cloak
rCorr   .            f - +0 pair of gloves
SInv    .            S - +0 pair of boots
Will    +....        z - amulet of regeneration Stlth
                     p - ring of poison resistance
HPRegen 1.24/turn    t - ring of protection from cold
MPRegen 0.22/turn

%: repel missiles
@: protected from physical damage
A: no striking features
a: Renounce Religion, Convert to Beogh, Upheaval, Elemental Force, Disaster Area


You were on level 2 of the Snake Pit.
You worshipped Qazlal.
Qazlal was extremely pleased with you.
You visited 5 branches of the dungeon, and saw 24 of its levels.
You also visited: Bailey.

You collected 1806 gold pieces.
You spent 350 gold pieces at shops.

Inventory:

Hand Weapons
 a - a +2 battleaxe of flaming (weapon)
Missiles
 g - 15 curare-tipped darts (quivered)
 l - 26 poisoned darts
 q - 31 boomerangs
 M - 2 javelins
 O - 2 throwing nets
Armour
 d - a +2 cloak (worn)
 f - a +0 pair of gloves (worn)
 v - a +0 helmet (worn)
 Q - a +2 plate armour of fire resistance (worn)
 S - a +0 pair of boots (worn)
Jewellery
 i - a +4 ring of slaying
 p - a ring of poison resistance (left hand)
 t - a ring of protection from cold (right hand)
 x - a ring of fire
 z - an amulet of regeneration (around neck)
 A - a ring of willpower
 N - a ring of protection from cold
Wands
 k - a wand of quicksilver (3)
 D - a wand of flame (45)
 E - a wand of digging (13)
 H - a wand of paralysis (8)
 U - a wand of roots (2)
Scrolls
 h - 10 scrolls of teleportation
 j - a scroll of revelation
 o - 2 scrolls of blinking
 r - 2 scrolls of enchant armour
 u - 2 scrolls of poison
 w - a scroll of fog
 G - 3 scrolls of torment {unknown}
 J - 2 scrolls of fear {unknown}
 L - 2 scrolls of enchant weapon {unknown}
Potions
 b - a potion of resistance
 c - 2 potions of invisibility
 e - 8 potions of mutation
 m - 4 potions of haste
 n - 9 potions of curing
 s - 3 potions of heal wounds
 B - 2 potions of cancellation
 C - 3 potions of lignification
 F - 2 potions of magic
Miscellaneous
 R - a phantom mirror


   Skills:
 + Level 14.9 Fighting
 - Level 20.0 Axes
 + Level 13.8 Armour
 - Level 3.2 Shields
 + Level 20.2 Invocations
 - Level 3.8 Evocations


You had 15 spell levels left.
You didn't know any spells.
Your spell library contained the following spells:

 Spells                   Type           Power      Damage    Failure   Level
 Apportation              Tloc           0%         N/A       98%         1
 Freeze                   Ice            0%         1d3       98%         1
 Magic Dart               Conj           0%         1d3       98%         1
 Necrotise                Necr           0%         1d4       98%         1
 Slow                     Hex            0%         N/A       98%         1
 Blink                    Tloc           0%         N/A       99%         2
 Call Imp                 Summ           0%         N/A       99%         2
 Ensorcelled Hibernation  Hex/Ice        0%         N/A       99%         2
 Jinxbite                 Hex            0%         N/A       99%         2
 Static Discharge         Conj/Air       0%         3-3/arc   99%         2
 Confusing Touch          Hex            0%         N/A       100%        3
 Frozen Ramparts          Ice            0%         1d1       100%        3
 Fugue of the Fallen      Necr           0%         N/A       100%        3
 Hailstorm                Conj/Ice       0%         3d5       100%        3
 Ozocubu's Armour         Ice            0%         N/A       100%        3
 Passwall                 Erth           0%         N/A       100%        3
 Sigil of Binding         Hex            0%         N/A       100%        3
 Summon Ice Beast         Ice/Summ       0%         N/A       100%        3
 Swiftness                Air            0%         N/A       100%        3
 Vampiric Draining        Necr           0%         2d6       100%        3
 Airstrike                Air            0%         2d(0-16)  100%        4
 Anguish                  Hex/Necr       0%         N/A       100%        4
 Animate Dead             Necr           0%         N/A       100%        4
 Cause Fear               Hex            0%         N/A       100%        4
 Manifold Assault         Tloc           0%         N/A       100%        4
 Martyr's Knell           Necr/Summ      0%         N/A       100%        4
 Petrify                  Alch/Erth      0%         N/A       100%        4
 Summon Lightning Spire   Summ/Air       0%         N/A       100%        4
 Alistair's Intoxication  Alch           0%         N/A       100%        5
 Borgnjor's Vile Clutch   Necr/Erth      0%         N/A       100%        5
 Curse of Agony           Necr           0%         N/A       100%        5
 Fireball                 Conj/Fire      0%         3d3       100%        5
 Death Channel            Necr           0%         N/A       100%        6
 Sculpt Simulacrum        Ice/Alch       0%         N/A       100%        6
 Haunt                    Necr/Summ      0%         N/A       100%        7
 Borgnjor's Revivificati  Necr           0%         N/A       100%        8
 Lehudib's Crystal Spear  Conj/Erth      0%         10d2      100%        8
 Death's Door             Necr           0%         N/A       100%        9
 Dragon's Call            Summ           0%         N/A       100%        9


Dungeon Overview and Level Annotations

Branches:
Dungeon (14/15)            Temple (1/1) D:4            Lair (5/5) D:10
 Shoals (0/4) Lair:3        Snake (2/4) Lair:3        Slime (0/5) Lair:4
    Orc (2/2) D:11            Elf (0/3) Orc:2        Bailey (visited)
 Vaults: D:13-14

Altars:
Ashenzari
Cheibriados
Dithmenos
Elyvilon
Fedhas
Gozag
Hepliaklqana
Kikubaaqudgha
Makhleb
Nemelex Xobeh
Okawaru
Qazlal
Ru
Sif Muna
Trog
Uskayaw
Vehumet
Wu Jian
Xom
Yredelemnul
Zin
The Shining One
Beogh

Shops:
D:2 =   D:4 =   Orc:1 (   Orc:2 :=[(

Portals:
Trove: D:13 (show slimy rune of Zot)

Annotations:
D:9 10 exclusions
Lair:2 1 runed translucent door, browni3141's ghost, journeyman TrEn
Snake:2 Saint Roka; Vashnia


Message History

Saint Roka hits you with a +3 war axe of electrocution!
You feel more protected from physical attacks.
Unknown command.
You slice Saint Roka!! You burn Saint Roka!
Saint Roka is severely wounded.
A black mamba comes into view.
You block Saint Roka's attack.
Unknown command.
You hit Saint Roka but do no damage.
Saint Roka is severely wounded.
You hear an angry hiss.
Unknown command.
You slice Saint Roka!! You burn Saint Roka!
Saint Roka is severely wounded.
Saint Roka hits you with a +3 war axe of electrocution!
* * * LOW HITPOINT WARNING * * *
Unknown command.
You hit Saint Roka but do no damage.
Saint Roka shouts, "Beogh is our master!
Accept the truth or die!"
Saint Roka is severely wounded.
Saint Roka hits you but does no damage.
You are electrocuted!!
* * * LOW HITPOINT WARNING * * *
Unknown command.
You closely miss Saint Roka.
Saint Roka is severely wounded.
Unknown command.
You barely miss Saint Roka.
Saint Roka shouts, "Beogh is our master!
Accept the truth or die!"
Saint Roka is severely wounded.
Saint Roka shouts, "Beogh is our master!
Accept the truth or die!"
Saint Roka calls out, "Orcs!
Behind me!"
Saint Roka invokes the aid of Beogh against you.
Beogh smites you!
* * * LOW HITPOINT WARNING * * *
You slash Saint Roka! You burn Saint Roka.
Saint Roka is almost dead.
Saint Roka shouts, "Surrender to Beogh and we'll let you live!"
Saint Roka hits you with a +3 war axe of electrocution!
You die...
Saint Roka roars, "Praise to Beogh!"

### ... .##...
.... ...... ...
......
...######....##
##.#.......#..#
..)§..°†.......
#○.°<.......
#@.°).....##
.....So)#.....###
##...§.§......#
#...#>..##....#
#.#......#...## .
#..........#
#..........#
#####...####


You could see Saint Roka and a black mamba.

Vanquished Creatures
  Rupert (Lair:3)
  An orc warlord (Orc:1)
  Nessos (Lair:3)
  An ettin (Orc:2)
  A fire dragon (D:10)
  2 vault guards (Bailey)
  Harold (D:9)
  4 hydras
  4 boulder beetles
  A catoblepas (Lair:5)
  5 anacondas
  4 two-headed ogres
  6 death yaks (Lair:5)
  2 orc high priests (Orc:2)
  3 naga warriors (Snake:1)
  2 shock serpents (Snake:1)
  Sonja (Lair:5)
  4 naga sharpshooters (Snake:1)
  A mana viper (Snake:1)
  4 orc knights (Orc:2)
  2 ugly things (D:13)
  4 cyclopes
  2 salamanders (Snake:1)
  Maurice (D:9)
  7 orc sorcerers (Orc:2)
  A manticore (D:13)
  12 black mambas
  3 meliai
  2 naga magi (Snake:1)
  Joseph (D:9)
  Maggie (Lair:2)
  A gargoyle (D:10)
  7 cane toads
  A rime drake (Lair:2)
  Jeremiah (D:8)
  An unseen horror (D:12)
  9 komodo dragons
  5 polar bears
  10 trolls
  6 hornets (Lair:5)
  Prince Ribbit (Bailey)
  9 blink frogs
  6 saltlings (Orc:2)
  12 dream sheep
  A snapping turtle (Lair:3)
  A water elemental (Lair:3)
  7 wyverns
  Sigmund (D:3)
  5 shadows
  14 spriggans (Lair:5)
  3 humans (Bailey)
  3 basilisks
  48 yaks
  2 wraiths
  7 wargs
  13 vampire mosquitoes
  The ghost of TheBioAlchemist the Insei, an amateur OpSh (D:4)
  14 water moccasins
  4 acid dragons
  10 nagas
  2 ice beasts
  2 sky beasts
  7 black bears
  19 orc warriors
  A black bear (shapeshifter) (D:13)
  20 wolves
  4 boggarts (Lair:5)
  3 ogres
  A boggart (shapeshifter) (D:13)
  4 centaurs
  A kobold brigand (D:9)
  3 phantoms (D:11)
  22 bullfrogs
  2 gnoll sergeants (D:10)
  3 scorpions
  A troll zombie (D:11)
  5 wights
  15 killer bees
  An electric eel (Lair:3)
  3 howler monkeys
  2 bombardier beetles (D:4)
  A hound (D:6)
  14 orc priests
  4 jellies
  3 iguanas
  A sleepcap (D:6)
  7 hell rats (Lair:3)
  22 orc wizards
  5 ogre zombies (D:11)
  Robin (D:4)
  9 gnolls
  7 adders
  A shadow imp (D:6)
  3 white imps
  An ufetubus (D:6)
  A ribbon worm (D:2)
  3 dart slugs
  63 orcs
  7 bats
  5 endoplasms
  6 giant cockroaches
  13 hobgoblins
  6 jackals
  9 kobolds
  7 quokkas
  9 ball pythons
  3 frilled lizards
  4 gnoll zombies (D:11)
  18 goblins
  2 orc skeletons (D:11)
  13 orc zombies (D:11)
  4 rats
661 creatures vanquished.

Vanquished Creatures (collateral kills)
  A naga sharpshooter (Snake:1)
  An orc knight (Orc:1)
  An orc priest (Orc:1)
  An orc (Orc:1)
4 creatures vanquished.

Vanquished Creatures (others)
  A bullfrog (D:8)
1 creature vanquished.

Grand Total: 666 creatures vanquished

Notes
Turn   | Place    | Note
-------+----------+-------------------------------------------
     0 | D:1      | Jase the Hill Orc Fighter began the quest for the Orb.
     0 | D:1      | Reached XP level 1. HP: 19/19 MP: 1/1
    74 | D:1      | Reached XP level 2. HP: 26/26 MP: 2/2
   414 | D:1      | Reached XP level 3. HP: 28/31 MP: 3/3
   825 | D:1      | Found a faded altar of an unknown god.
  1029 | D:2      | Found Fuokimmaxi's Jewellery Shoppe.
  1036 | D:2      | Reached skill level 5 in Axes
  1374 | D:2      | Reached XP level 4. HP: 37/39 MP: 4/4
  1808 | D:3      | Reached XP level 5. HP: 42/45 MP: 5/5
  2097 | D:3      | Noticed Sigmund
  2124 | D:3      | Killed Sigmund
  2125 | D:3      | Reached XP level 6. HP: 28/51 MP: 6/6
  2404 | D:3      | You fall into a shaft and drop 3 floors!
  2451 | D:5      | Entered Level 5 of the Dungeon
  2877 | D:5      | Noticed a black bear
  2877 | D:5      | Noticed a black bear
  2890 | D:5      | Killed a black bear
  2891 | D:5      | Reached XP level 7. HP: 48/57 MP: 7/7
  2902 | D:5      | Reached skill level 10 in Axes
  3014 | D:4      | Noticed Robin
  3393 | D:4      | Killed Robin
  3575 | D:4      | Found a runed translucent door.
  3745 | D:4      | Noticed TheBioAlchemist's ghost (amateur OpSh)
  3839 | D:4      | Found Jiylak's Jewellery Shop.
  3844 | D:4      | Found a staircase to the Ecumenical Temple.
  3886 | Temple   | Entered the Ecumenical Temple
  3923 | Temple   | Became a worshipper of Qazlal Stormbringer
  3976 | D:4      | Found a hazy altar of Hepliaklqana.
  4597 | D:5      | Reached skill level 1 in Invocations
  4597 | D:5      | Reached XP level 8. HP: 33/66 MP: 7/9
  5058 | D:6      | Noticed a wraith
  5452 | D:6      | Reached skill level 5 in Invocations
  5466 | D:6      | Reached * piety under Qazlal
  5507 | D:6      | Reached skill level 5 in Armour
  5574 | D:6      | Reached XP level 9. HP: 70/71 MP: 13/13
  5944 | D:7      | Got the Secrets of Unstable Debased Deeds
  7115 | D:8      | Noticed Jeremiah
  7123 | D:8      | Killed Jeremiah
  7391 | D:9      | Noticed Joseph
  7401 | D:9      | Killed Joseph
  7402 | D:9      | Reached XP level 10. HP: 57/78 MP: 16/16
  7474 | D:9      | Noticed Maurice
  7526 | D:9      | Something stole a ring of fire
  7528 | D:9      | Something stole 14 poisoned darts
  7533 | D:9      | Killed Maurice
  7675 | D:9      | Found a flagged portal.
  7693 | D:9      | Reached ** piety under Qazlal
  7721 | Bailey   | Entered a bailey
  7738 | Bailey   | Reached skill level 10 in Invocations
  7883 | Bailey   | Noticed Prince Ribbit
  7899 | Bailey   | Killed Prince Ribbit
  7928 | Bailey   | Noticed a vault guard
  7962 | Bailey   | Killed a vault guard
  7963 | Bailey   | Reached skill level 15 in Axes
  7963 | Bailey   | Reached XP level 11. HP: 84/84 MP: 17/19
  8034 | Bailey   | Noticed a vault guard
  8085 | Bailey   | Killed a vault guard
  8306 | D:9      | Reached skill level 5 in Fighting
  8423 | D:9      | Noticed Harold
  8528 | D:9      | Killed Harold
  8934 | D:10     | Entered Level 10 of the Dungeon
  9025 | D:10     | Reached *** piety under Qazlal
  9059 | D:10     | Got Xoridoj's Annotations on Breccia
  9119 | D:10     | Noticed a boulder beetle
  9284 | D:10     | Noticed a two-headed ogre
  9295 | D:10     | Killed a two-headed ogre
  9298 | D:10     | Killed a boulder beetle
  9380 | D:10     | Noticed a four-headed hydra
  9394 | D:10     | Killed a four-headed hydra
  9395 | D:10     | Reached XP level 12. HP: 32/101 MP: 13/21
  9491 | D:10     | Noticed a fire dragon
  9512 | D:10     | Killed a fire dragon
  9660 | D:10     | Identified the +0 short sword of Peace {flame, Int+3}
  9665 | D:10     | Identified the +1 orcbow "Elybuat" {heavy, ^Contam rF+ rC+}
  9961 | D:10     | Found a staircase to the Lair.
 10298 | Lair:1   | Entered Level 1 of the Lair of Beasts
 10495 | Lair:1   | Reached **** piety under Qazlal
 10530 | Lair:1   | Reached skill level 10 in Fighting
 11467 | Lair:2   | Noticed Maggie
 11474 | Lair:2   | Killed Maggie
 11533 | Lair:2   | Reached skill level 15 in Invocations
 11533 | Lair:2   | Reached XP level 13. HP: 101/114 MP: 24/24
 11766 | Lair:2   | Found a runed translucent door.
 11768 | Lair:2   | Noticed browni3141's ghost (journeyman TrEn)
 11769 | Lair:2   | Identified the +11 spear "Juus" {holy, ^Fragile rN+ Str+2
                  | Int+3}
 12501 | D:4      | Killed TheBioAlchemist's ghost
 12697 | Lair:3   | Noticed Nessos
 12715 | Lair:3   | Killed Nessos
 12845 | Lair:3   | Found a staircase to the Snake Pit.
 13320 | Lair:3   | Identified the maw talisman of the Pink Corner {rPois rF+
                  | Will+ Dex-4}
 13320 | Lair:3   | Noticed Rupert
 13501 | D:11     | Found a staircase to the Orcish Mines.
 14138 | Orc:1    | Entered Level 1 of the Orcish Mines
 14171 | Orc:1    | Reached XP level 14. HP: 124/124 MP: 26/26
 14239 | Orc:1    | Found Zeampuoj's Firing Range.
 14344 | Orc:1    | Reached skill level 10 in Armour
 14554 | Orc:1    | Noticed an orc warlord
 14564 | Orc:1    | Killed an orc warlord
 14708 | Orc:1    | Found a burning altar of Makhleb.
 14826 | Orc:2    | Entered Level 2 of the Orcish Mines
 14983 | Orc:2    | Found a staircase to the Elven Halls.
 15103 | Orc:2    | Reached skill level 1 in Evocations
 15572 | Orc:2    | Paralysed by an orc sorcerer for 4 turns
 15831 | Orc:2    | Found Cuwner's Weapon Boutique.
 15849 | Orc:2    | Found Ycouqy's Book Shoppe.
 15850 | Orc:2    | Found a roughly hewn altar of Beogh.
 15851 | Orc:2    | Found Etafrad's Jewellery Shoppe.
 15884 | Orc:2    | Reached XP level 15. HP: 130/130 MP: 27/27
 15888 | Orc:2    | Found Rabi's Armour Shoppe.
 16222 | D:4      | Bought a ring of willpower for 350 gold pieces
 16667 | Lair:3   | Killed Rupert
 16820 | Lair:3   | Found a staircase to the Shoals.
 17051 | Lair:4   | Found a staircase to the Slime Pits.
 17193 | Lair:4   | You fall into a shaft and drop 1 floor!
 17193 | Lair:5   | Entered Level 5 of the Lair of Beasts
 18249 | Lair:5   | Noticed Sonja
 18256 | Lair:5   | Killed Sonja
 19246 | Lair:5   | Reached ***** piety under Qazlal
 19859 | D:12     | Identified the +9 dagger "Uhosk" {freeze, Will+ rCorr}
 20504 | D:13     | Found a portal to a secret trove of treasure.
 20694 | D:13     | Reached XP level 16. HP: 145/145 MP: 29/29
 21275 | Snake:1  | Entered Level 1 of the Snake Pit
 21559 | Snake:1  | You fall into a shaft and drop 1 floor!
 22247 | Snake:2  | Noticed Vashnia
 22380 | Snake:2  | Noticed Saint Roka
 22402 | Snake:2  | Slain by Saint Roka

Illustrated notes

Levels and vault maps discovered:
D:1:      heliophobic_arrival_enchanted_forest, layout_basic,
          shapermc_ecumenical_altar_mp_vishouse
D:2:      layout_basic, serial_shops, shop, st_stairs_8
D:3:      layout_basic, uniq_sigmund
D:4:      nicolae_cairo_tiling_large, layout_cave_pools,
          nzn_hepliaklqana_mist_gate, minmay_temple_entry_statues_pillars,
          ebering_ghost_inner_flame, serial_shops, shop, uniq_robin
D:5:      layout_basic
D:6:      minmay_opposing_rooms, layout_basic
D:7:      layout_basic
D:8:      layout_loops_ring, lemuel_flamethrower_2, uniq_jeremiah
D:9:      layout_cave_pods, enter_bailey_5, uniq_maurice, uniq_joseph,
          uniq_harold
D:10:     minmay_the_grid_plus_closed [minmay_the_grid_gridbox,
          minmay_the_grid_x, minmay_the_grid_small_cups,
          minmay_the_grid_minigrid_small, minmay_the_grid_prize_diamond_cup],
          layout_rooms
D:11:     layout_roguey, zombieorc1_lemuel
D:12:     layout_gridville
D:13:     layout_loops_ring, nicolae_trove_entry_crossroad,
          minmay_misc_feat_doors
D:14:     layout_roguey, erik_vaults_1, serial_ice, serial_ice_l, serial_ice_g,
          serial_ice_a, serial_ice_d, kennysheep_big_empty_room
Temple:   kilobyte_greek_temple
Lair:1:   layout_chaotic_city, serial_forest, infiniplex_forest_clump_cross,
          infiniplex_forest_clump_small, infiniplex_forest_clump_long,
          infiniplex_forest_clump_long, infiniplex_forest_split,
          infiniplex_forest_corner_1, infiniplex_forest_end_2,
          grunt_megastairs_2, infiniplex_staircase_pool
Lair:2:   layout_chaotic_city, ebering_ghost_funeral_grove, uniq_maggie
Lair:3:   layout_small_grid, minmay_shoals_entry_hut,
          guppyfry_snake_entry_island, chequers_serial_rivers_micro_a,
          uniq_nessos, uniq_rupert
Lair:4:   layout_layer_cave, slime_entry_1
Lair:5:   minmay_lair_end_enchanted_forest, layout_big_grid, uniq_sonja
Snake:1:  layout_misc_corridors
Snake:2:  layout_misc_corridors, serial_bayou_shore_b, uniq_saint_roka,
          uniq_vashnia
Orc:1:    layout_diamond_mine, basic_altar, nicolae_shop_firing_range
Orc:2:    hellmonk_orc_salted, layout_caves, nicolae_orc_flooded_monolith

Skill      XL: |  1  2  3  4  5  6  7  8  9 10 11 12 13 14 15 16 |
---------------+-------------------------------------------------+-----
Axes           | 3 4 5 6 8 9 11 12 13 15 16 18 19 20 | 20.0
Fighting       | 4 8 10 11 13 14 | 14.9
Armour         | 4 5 7 9 10 13 | 13.8
Invocations    | 1 5 9 11 13 15 17 19 20 | 20.2
Evocations     | 3 |  3.8
Shields        | |  3.2

Action                     |  1- 3 |  4- 6 |  7- 9 | 10-12 | 13-15 | 16-18 || total
---------------------------+-------+-------+-------+-------+-------+-------++-------
  Melee: War axe           |    81 |   118 |   352 |   185 |    12 |       ||   748
         Punch             |     1 |       |     6 |     2 |       |       ||     9
         Battleaxe         |       |       |       |   331 |   823 |   181 ||  1335
         Flail             |       |       |       |     7 |       |       ||     7
  Throw: Dart              |       |       |       |     9 |     1 |       ||    10
 Invoke: Upheaval          |       |       |       |     8 |    18 |     6 ||    32
         Elemental Force   |       |       |       |       |     1 |     1 ||     2
  Evoke: Wand              |       |       |       |    12 |     4 |     3 ||    19
         Phantom mirror    |       |       |       |       |     1 |       ||     1
    Use: Scroll            |       |    11 |     4 |     4 |    12 |     1 ||    32
         Potion            |       |       |     2 |     2 |     4 |     2 ||    10
   Stab: Paralysed         |       |       |       |    15 |       |       ||    15
         Petrifying        |       |       |       |       |     1 |       ||     1
         Petrified         |       |       |       |       |     1 |       ||     1
 Armour: Scale mail        |    44 |    98 |   117 |       |       |       ||   259
         Plate armour      |       |       |   163 |   423 |   572 |   188 ||  1346
  Dodge: Dodged            |    46 |    44 |   129 |   114 |   155 |    48 ||   536
         Repelled          |       |       |       |     1 |     1 |     2 ||     4
  Block: Other             |       |       |     4 |    65 |   136 |    40 ||   245
